 Dungeon Crawl Stone Soup version 0.27-a0-349-g77ac2e9 (webtiles) character file.

Game seed: 13114669972188083132

625 Toastz the Skirmisher (level 7, 0/65 HPs)
             Began as a Palentonga Berserker on Feb 15, 2021.
             Was a Priest of Trog.
             Slain by an ogre
             ... wielding a +0 giant club
              (25 damage)
             ... on level 4 of the Dungeon.
             The game lasted 00:14:31 (4318 turns).

Toastz the Skirmisher (Palentonga Berserker)        Turns: 4318, Time: 00:14:32

Health: 0/65       AC: 17    Str: 23    XL:     7   Next: 23%
Magic:  7/7        EV: 21    Int:  7    God:    Trog [***...]
Gold:   574        SH:  0    Dex:  9    Spells: 6/6 levels left

rFire    . . .     SeeInvis +   a - +0 hand axe
rCold    . . .     Faith    .   (no shield)
rNeg     . . .     Spirit   .   m - +0 chain mail
rPois    .         Reflect  .   o - +1 helmet
rElec    .         Harm     .   (no cloak)
rCorr    +         Rampage  .   (no gloves)
Will     .....                  (no barding)
Stlth    ..........             d - amulet of the acrobat
HPRegen  0.20/turn              g - ring of resist corrosion
MPRegen  0.10/turn              (no ring)

@: berserk cooldown, acrobat, slowed, curled up, very slow
A: large, rugged brown scales 3, see invisible, deformed body, roll 1, armoured
tail, reflexive curl
a: Rolling Charge, Renounce Religion, Berserk, Trog's Hand


You were on level 4 of the Dungeon.
You worshipped Trog.
Trog was most pleased with you.
You visited 1 branch of the dungeon, and saw 4 of its levels.

You collected 574 gold pieces.

Inventory:

Hand Weapons
 a - a +0 hand axe (weapon)
Missiles
 c - 9 boomerangs (quivered)
 h - 128 stones
Armour
 m - a +0 chain mail (worn)
 o - a +1 helmet (worn)
Jewellery
 d - an amulet of the acrobat (around neck)
 g - a ring of resist corrosion (left hand)
Scrolls
 i - 2 scrolls of teleportation
 k - a scroll of noise {unknown}
 q - a scroll of magic mapping {unknown}
Potions
 b - a potion of might {unknown}
 f - 2 potions of cancellation
 j - a potion of brilliance {unknown}
 l - 2 potions of curing


   Skills:
 + Level 5.4 Fighting
 + Level 5.3 Axes
 + Level 4.0 Armour
 - Level 1.5 Dodging


You had 6 spell levels left.
You didn't know any spells.
Your spell library was empty.

Dungeon Overview and Level Annotations

Branches:
Dungeon (4/15)
 Temple: D:4-7

Altars:


Innate Abilities, Weirdness & Mutations

You are completely covered in rugged brown scales. (AC +3, +7% HP)
You have supernaturally acute eyesight. (SInv)
Armour fits poorly on your strangely shaped body.
You can roll at nearby foes to attack.
You have a long armoured tail.
You curl defensively after being hit.


Message History

You closely miss the goblin.
The hound bites you but does no damage. x2
The goblin hits you. The hound bites you but does no damage.
The goblin hits you but does no damage.
You hit the hound.
Your tail-slap misses the hound.
The hound is almost dead.
You hit the goblin. The hound bites you but does no damage.
The hound bites you.
An ogre comes into view. It is wielding a +0 giant club.
The goblin closely misses you.
You completely miss the hound.
The hound is almost dead.
You closely miss the goblin.
The ogre shouts!
The hound barely misses you. x2; The goblin hits you but does no damage.
The hound closely misses you.
You hit the hound.
Your tail-slap misses the hound.
The hound is almost dead.
You closely miss the goblin. The hound bites you but does no damage.
The hound barely misses you. The goblin hits you.
You hit the hound but do no damage.
The hound is almost dead.
You miss the goblin. The hound bites you.
The hound bites you but does no damage. The goblin hits you but does no damage.
You hit the hound.
You kill the hound!
Trog accepts your kill.
You barely miss the goblin. The goblin hits you but does no damage.
The ogre hits you with a +0 giant club.
You slash the goblin!
You kill the goblin!
Trog accepts your kill.
You hit the ogre.
The ogre hits you with a +0 giant club!!
Okay, then.
Okay, then.
The ogre completely misses you.
You see here a ball python corpse.
The ogre hits you with a +0 giant club!
The ogre hits you with a +0 giant club!!
You die...

##....#####...#......#
#.........+...'......##....#...#
#.....#####...#......##........'
..............#......##.........
#.....#####...#......##........
[.....'...#.###.#.............
......###.#.# #.#.#.###....#
..........#.###.#.#.#......#
..#.#######.....@O...†.....# ###
..#........................#....
......................).........
.##..#########.........)).......
###''## #........†.).......
##....## #..................
#......## #............#.....
..#..#..# #............#.....
...##...# #............#.....


You could see an ogre.

Vanquished Creatures
  2 ogres
  A scorpion (D:3)
  A bullfrog skeleton (D:4)
  A hound (D:4)
  Terence (D:2)
  An iguana (D:4)
  Natasha (D:3)
  An orc wizard (D:4)
  3 worker ants (D:4)
  Robin (D:3)
  4 gnolls (D:4)
  4 adders
  An ooze (D:3)
  3 dart slugs
  5 leopard geckos
  4 orcs
  5 bats
  4 giant cockroaches
  17 goblins
  9 hobgoblins
  A quokka (D:3)
  3 ball pythons (D:4)
  3 frilled lizards (D:1)
  2 jackal skeletons (D:4)
  5 kobolds
  A quokka skeleton (D:4)
  11 rats
95 creatures vanquished.

Notes
Turn   | Place    | Note
-------+----------+-------------------------------------------
     0 | D:1      | Toastz the Palentonga Berserker began the quest for the
                  | Orb.
     0 | D:1      | Reached XP level 1. HP: 20/20 MP: 1/1
   483 | D:1      | Reached XP level 2. HP: 27/27 MP: 2/2
  1199 | D:2      | Reached XP level 3. HP: 33/33 MP: 3/3
  1327 | D:2      | Noticed Terence
  1336 | D:2      | Killed Terence
  1473 | D:2      | Reached XP level 4. HP: 42/42 MP: 4/4
  1684 | D:2      | Reached ** piety under Trog
  2314 | D:3      | Noticed Robin
  2344 | D:3      | Killed Robin
  2754 | D:3      | Noticed Natasha
  2761 | D:3      | Killed Natasha
  2762 | D:3      | Reached XP level 5. HP: 49/49 MP: 5/5
  3218 | D:4      | Noticed an ogre
  3426 | D:4      | Killed an ogre
  3564 | D:4      | Noticed an ogre
  3574 | D:4      | Reached XP level 6. HP: 44/56 MP: 6/6
  3582 | D:4      | HP: 2/56 [poisoned by a scorpion]
  3944 | D:4      | Reached skill level 5 in Fighting
  3944 | D:4      | Reached skill level 5 in Axes
  4088 | D:4      | Reached *** piety under Trog
  4167 | D:4      | Gained mutation: You curl defensively after being hit.
                  | [Palentonga growth]
  4167 | D:4      | Reached XP level 7. HP: 65/65 MP: 7/7
  4318 | D:4      | Slain by an ogre

Illustrated notes

Levels and vault maps discovered:
D:1:      dpeg_arrival_windows_large_door, layout_basic,
          corexii_leaking_fountain
D:2:      layout_loops_corners, corexii_hall_statues_t, roderic_roman_lattice,
          kennysheep_generic_room_15, uniq_terence
D:3:      layout_basic, ebering_dispersal_statue_hall, uniq_natasha, uniq_robin
D:4:      minmay_polygon_palace, layout_basic,
          nicolae_ru_great_annihilating_truth

Skill      XL: |  1  2  3  4  5  6  7 |
---------------+----------------------+-----
Armour         | 2 3 4 |  4.0
Fighting       | 4 5 |  5.4
Axes           | 4 5 |  5.3
Dodging        | |  1.5

Action                   |  1- 3 |  4- 6 |  7- 9 || total
-------------------------+-------+-------+-------++-------
Melee: Hand axe          |    73 |   125 |    27 ||   225
       Tailslap          |     6 |     9 |     2 ||    17
Throw: Boomerang         |     2 |    14 |       ||    16
Invok: Berserk           |     7 |    11 |     1 ||    19
 Abil: Rolling Charge    |     7 |    13 |     1 ||    21
  Use: Scroll            |     2 |     4 |     1 ||     7
       Potion            |       |     2 |       ||     2
 Stab: Sleeping          |       |     1 |       ||     1
Armor: Animal skin       |    22 |       |       ||    22
       Scale mail        |     3 |    43 |       ||    46
       Chain mail        |       |    21 |    21 ||    42
Dodge: Dodged            |    35 |    43 |    19 ||    97

Table legend: (Time is in decaauts)
 A = Elapsed time spent in this place.
 B = Non-inter-level travel time spent in this place.
 C = Inter-level travel time spent in this place.
 D = Time resting spent in this place.
 E = Time spent auto-exploring this place.
 F = Levels seen in this place.
 G = Mean time per level.
                   A        B        C        D        E       F      G
               +--------+--------+--------+--------+--------+-----+--------+
         Total |   4518 |   4392 |    126 |   1311 |   2445 |   4 | 1129.5 |
       Dungeon |   4518 |   4392 |    126 |   1311 |   2445 |   4 | 1129.5 |
               +--------+--------+--------+--------+--------+-----+--------+

Top non-repeatable levels by time:
     D:3: 1577 daAuts
     D:2: 1184 daAuts
     D:1: 1098 daAuts
     D:4: 657 daAuts
